 Dungeon Crawl Stone Soup version 0.26-a0-812-g31a745ddcd (webtiles) character file.

Game seed: 10283619224632544660

261 tilp the Ruffian (level 6, -3/57 HPs)
             Began as an Ogre Transmuter on Dec 9, 2020.
             Was a Follower of Ru.
             Slain by an iguana (12 damage)
             ... on level 4 of the Dungeon.
             The game lasted 00:08:04 (4477 turns).

tilp the Ruffian (Ogre Transmuter)                  Turns: 4477, Time: 00:08:05

Health: -3/57      AC:  3    Str: 15    XL:     6   Next: 18%
Magic:  9/9        EV:  9    Int: 16    God:    Ru [*.....]
Gold:   146        SH:  0    Dex:  9    Spells: 3/9 levels left

rFire    + . .     SeeInvis .     - Unarmed
rCold    . . .     Faith    .   (no shield)
rNeg     . . .     Spirit   .   a - +0 robe
rPois    .         Reflect  .   (helmet restricted)
rElec    .         Harm     .   (no cloak)
rCorr    .         Rampage  .   (gloves unavailable)
MR       .....                  (boots unavailable)
Stlth    +.........             (no amulet)
HPRegen  0.19/turn              q - ring of protection from fire
MPRegen  0.11/turn              d - ring of flight

@: wereblooded (expiring)
A: large, unfitting armour, tough skin 1, inability to train dodging
a: Renounce Religion, Evoke Flight


You were on level 4 of the Dungeon.
You worshipped Ru.
Ru was aware of your devotion.
You visited 1 branch of the dungeon, and saw 4 of its levels.

You collected 146 gold pieces.

Inventory:

Missiles
 c - 88 stones
 f - 7 boomerangs
 h - 18 poisoned darts (quivered)
Armour
 a - a +0 robe (worn)
Jewellery
 d - a ring of flight (right hand)
 o - an uncursed amulet of reflection {unknown}
 q - a ring of protection from fire (left hand)
 r - an uncursed amulet of magic regeneration {unknown}
Wands
 n - a wand of random effects (22)
 s - a wand of digging (4)
Scrolls
 e - 2 scrolls of remove curse
 i - 2 scrolls of teleportation
Potions
 b - a potion of magic
 j - a potion of brilliance
 k - a potion of might
 l - a potion of cancellation
 m - a potion of haste


   Skills:
 - Level 2.0 Fighting
 + Level 5.0 Unarmed Combat
 - Level 2.4 Spellcasting
 + Level 3.6 Transmutations


You had 3 spell levels left.
You knew the following spells:

 Your Spells              Type           Power        Failure   Level
a - Beastly Appendage     Tmut           ##....       4%          1
b - Wereblood             Tmut           ##......     7%          2
c - Spider Form           Tmut/Pois      #.........   28%         3

Your spell library contained the following spells:

 Spells                   Type           Power        Failure   Level
 Ice Form                 Ice/Tmut       #.......     67%         4
 Blade Hands              Tmut           ##........   77%         5


Dungeon Overview and Level Annotations

Branches:
Dungeon (4/15)
 Temple: D:4-7

Altars:
Cheibriados
Kikubaaqudgha
Ru

Annotations:
D:2 1 runed translucent door, exclusion: adder, Crazy Yiuf
D:4 Dowan, Duvessa


Innate Abilities, Weirdness & Mutations

You are too large for most types of armour.
You have tough skin. (AC +1)
You cannot train Dodging skill.


Message History

The iguana is lightly wounded.
The iguana barely misses you.
You hit the iguana.
The iguana is lightly wounded.
The iguana bites you.
* * * LOW HITPOINT WARNING * * *
You barely miss the iguana.
The iguana is lightly wounded.
You hit the iguana but do no damage.
The iguana is lightly wounded.
Your primal bloodlust is almost over.
The iguana closely misses you.
You hit the iguana.
The iguana is heavily wounded.
The iguana bites you!
* * * LOW HITPOINT WARNING * * *
You hit the iguana but do no damage.
The iguana is heavily wounded.
The iguana bites you!
You die...

###.##.###
#5##.## #♣♣
#.##..###.♣♣
#.##[..##.[.
#...........
####5..##.#
##.###.#
#.###.#####...
#.....@l....#
#####.#######
#<.......
#########


You could see an iguana.

Vanquished Creatures
  2 lemures (D:4)
  Terence (D:3)
  Natasha (thrice) (D:2)
  An orc wizard (D:3)
  5 adders
  An ooze (D:2)
  2 worms (D:2)
  2 dart slugs (D:3)
  3 leopard geckos
  8 orcs
  4 giant cockroaches
  4 goblins
  7 hobgoblins
  3 jackals (D:1)
  4 quokkas
  5 bats
  5 frilled lizards
  4 kobolds
  11 rats
75 creatures vanquished.

Vanquished Creatures (others)
  9 plants (D:4)
9 creatures vanquished.

Grand Total: 84 creatures vanquished

Notes
Turn   | Place    | Note
-------+----------+-------------------------------------------
     0 | D:1      | tilp the Ogre Transmuter began the quest for the Orb.
     0 | D:1      | Reached XP level 1. HP: 19/19 MP: 3/3
   213 | D:1      | Reached XP level 2. HP: 28/28 MP: 3/5
   251 | D:1      | Reached skill level 3 in Unarmed Combat
   389 | D:1      | Learned a level 2 spell: Wereblood
   926 | D:1      | Reached XP level 3. HP: 35/35 MP: 6/6
   931 | D:1      | Learned a level 3 spell: Spider Form
  1167 | D:2      | Found a sacrificial altar of Ru.
  1253 | D:2      | Became a worshipper of Ru the Awakened
  1880 | D:2      | Noticed Natasha
  1897 | D:2      | HP: 2/52 [shadow imp[Natasha] (3)]
  1900 | D:2      | Killed Natasha
  1900 | D:2      | Reached skill level 4 in Unarmed Combat
  1900 | D:2      | Reached XP level 4. HP: 3/42 MP: 7/7
  2438 | D:2      | Noticed Natasha
  2446 | D:2      | Killed Natasha
  2621 | D:2      | Noticed Natasha
  2633 | D:2      | Killed Natasha
  2633 | D:2      | Reached XP level 5. HP: 15/49 MP: 6/8
  2892 | D:2      | Found a runed translucent door.
  2893 | D:2      | Noticed Crazy Yiuf
  3884 | D:3      | Noticed Terence
  4074 | D:3      | Found an ancient bone altar of Kikubaaqudgha.
  4124 | D:3      | Killed Terence
  4124 | D:3      | Reached XP level 6. HP: 51/57 MP: 7/9
  4166 | D:3      | Found a snail-covered altar of Cheibriados.
  4248 | D:4      | Noticed Duvessa
  4248 | D:4      | Noticed Dowan
  4294 | D:4      | Reached skill level 5 in Unarmed Combat
  4299 | D:4      | Gained mutation: You cannot train Dodging skill. [Ru
                  | sacrifice]
  4299 | D:4      | Reached * piety under Ru
  4477 | D:4      | Slain by an iguana

Illustrated notes

Levels and vault maps discovered:
D:1:      dpeg_arrival_prison, layout_rooms
D:2:      layout_loops_cross, nicolae_ru_sacrificial_ziggurat,
          uniq_crazy_yiuf_cottage, uniq_natasha
D:3:      layout_rooms, lemuel_coloured_pillars_altar, kennysheep_slug_shrine,
          uniq_terence
D:4:      layout_loops_ring, minmay_temple_entry_statues_pillars,
          gup_sewer_entry_bubbles, serial_forest, infiniplex_forest_lined_2,
          infiniplex_forest_end_3, infiniplex_forest_clump_small,
          infiniplex_forest_straight_2, infiniplex_forest_clump_double,
          infiniplex_forest_fountain, infiniplex_forest_end_2,
          infiniplex_forest_clump_cross, uniq_pikel, uniq_duvessa

Skill      XL: |  1  2  3  4  5  6 |
---------------+-------------------+-----
Transmutations | 2 3 |  3.6
Fighting       | 2 |  2.0
Unarmed Combat | 3 4 5 |  5.0
Dodging        | 2 0 |  0.0
Spellcasting   | |  2.4

Action                   |  1- 3 |  4- 6 || total
-------------------------+-------+-------++-------
Melee: Unarmed           |   140 |   164 ||   304
       Punch             |     2 |     2 ||     4
       Headbutt          |     7 |     4 ||    11
       Kick              |     3 |    10 ||    13
Throw: Dart              |    13 |    10 ||    23
 Cast: Beastly Appendage |     6 |     6 ||    12
       Wereblood         |     1 |     6 ||     7
Invok: Sacrifice Nimblen |       |     1 ||     1
Evoke: Wand              |       |     1 ||     1
  Use: Scroll            |     6 |     4 ||    10
       Potion            |     1 |     1 ||     2
 Stab: Sleeping          |     1 |       ||     1
Armor: Robe              |    37 |    30 ||    67
       Skin              |     6 |     2 ||     8
Dodge: Dodged            |    77 |    63 ||   140

Table legend: (Time is in decaauts)
 A = Elapsed time spent in this place.
 B = Non-inter-level travel time spent in this place.
 C = Inter-level travel time spent in this place.
 D = Time resting spent in this place.
 E = Time spent auto-exploring this place.
 F = Levels seen in this place.
 G = Mean time per level.
                   A        B        C        D        E       F      G
               +--------+--------+--------+--------+--------+-----+--------+
         Total |   4460 |   4341 |    119 |   1865 |   1745 |   4 | 1115.0 |
       Dungeon |   4460 |   4341 |    119 |   1865 |   1745 |   4 | 1115.0 |
               +--------+--------+--------+--------+--------+-----+--------+

Top non-repeatable levels by time:
     D:2: 1909 daAuts
     D:3: 1281 daAuts
     D:1: 1050 daAuts
     D:4: 219 daAuts
